 Dungeon Crawl Stone Soup version 0.23.2-1-ga50397a6bc (webtiles) character file.

Game seed: 14409517262095408764

116 Morbidden the Ruffian (level 4, -1/42 HPs)
             Began as a Troll Gladiator on May 12, 2019.
             Slain by an orc wizard
             ... wielding a +3 dagger
              (2 damage)
             ... on level 2 of the Dungeon.
             The game lasted 00:02:11 (1095 turns).

Morbidden the Ruffian (Troll Gladiator)             Turns: 1095, Time: 00:02:12

Health: -1/42      AC:  6    Str: 22    XL:     4   Next: 69%
Magic:  3/3        EV: 16    Int:  5    God:
Gold:   56         SH:  0    Dex: 16    Spells: 3/3 levels left

rFire    . . .     SeeInvis .     - Unarmed
rCold    . . .     Gourm    +   (no shield)
rNeg     . . .     Faith    .   a - +0 robe
rPois    .         Spirit   .   b - +0 hat
rElec    .         Reflect  .   (no cloak)
rCorr    .         Harm     .   (gloves unavailable)
MR       .....                  (boots unavailable)
Stlth    ++........             (no amulet)
HPRegen  0.54/turn              (no ring)
MPRegen  0.08/turn              (no ring)

@: agile
A: large, unfitting armour, claws 3, fast metabolism 3, gourmand, regeneration
1, shaggy fur 1, tough skin 3
a: no special abilities


You were on level 2 of the Dungeon.
You were very full.

You visited 1 branch of the dungeon, and saw 2 of its levels.

You collected 56 gold pieces.

Inventory:

Missiles
 c - 3 throwing nets (quivered)
Armour
 a - a +0 robe (worn)
 b - a +0 hat (worn)
Jewellery
 e - an uncursed ring of protection from fire {unknown}
 k - a cursed amulet of inaccuracy {unknown}
Scrolls
 f - a scroll of enchant weapon {unknown}
 h - 2 scrolls of identify {unknown}
 j - a scroll of fog {unknown}
Potions
 i - a potion of agility
Comestibles
 d - 6 rations
 g - 2 chunks of flesh


   Skills:
 * Level 2.0 Fighting
 + Level 1.8 Throwing
 + Level 3.1 Dodging
 + Level 0.1 Stealth
 * Level 4.7 Unarmed Combat


You had 3 spell levels left.
You didn't know any spells.
Your spell library was empty.

Dungeon Overview and Level Annotations

Branches:
Dungeon (2/15)

Altars:
Hepliaklqana
Nemelex Xobeh


Innate Abilities, Weirdness & Mutations

You are too large for most types of armour.
You have claws for hands.
Your metabolism is lightning-fast.
You like to eat raw meat.
Your natural rate of healing is unusually fast.
You are covered in fur. (AC +1)
You have extremely tough skin. (AC +3)


Message History

You miss something. The orc barely misses you. Something hits you.
* * * LOW HITPOINT WARNING * * *
Unknown command.
Unknown command.
Unknown command.
Unknown command.
Unknown command.
It was a potion of agility.
You feel agile all of a sudden. Something barely misses you.
The orc barely misses you.
Unknown command.
You scratch something.
You hear some strange, mumbled words.
A puff of frost appears from out of thin air!
The puff of frost hits you.
* * * LOW HITPOINT WARNING * * *
The orc barely misses you.
Unknown command.
You miss something. Something hits you.
You die...

### ##### ..##
###$...###..#
##@..........##
#.o...###.....#
##†#.....##....#
#..#..($..#....#
#..#..##..#....##
#..#.%##..#.)#..#
#..#...)..#(.#..###
##.##....##.##....#
#..######..#..##.#


You could see an orc.

Vanquished Creatures
  An orc wizard (D:2)
  2 oozes (D:2)
  2 worms (D:2)
  A dart slug (D:1)
  2 leopard geckos (D:1)
  5 orcs (D:2)
  11 hobgoblins
  7 jackals
  11 bats
  3 frilled lizards
  6 goblins
  5 kobolds
  5 rats
61 creatures vanquished.

Notes
Turn   | Place    | Note
-------+----------+-------------------------------------------
     0 | D:1      | Morbidden the Troll Gladiator began the quest for the Orb.
     0 | D:1      | Reached XP level 1. HP: 19/19 MP: 0/0
    77 | D:1      | Reached XP level 2. HP: 27/27 MP: 1/1
   175 | D:1      | Found a sparkling altar of Nemelex Xobeh.
   379 | D:1      | Reached XP level 3. HP: 28/35 MP: 2/2
   774 | D:2      | Reached skill level 4 in Unarmed Combat
   787 | D:2      | Found a hazy altar of Hepliaklqana.
  1018 | D:2      | Reached XP level 4. HP: 36/42 MP: 3/3
  1094 | D:2      | HP: 1/42 [something/puff of frost (3)]
  1095 | D:2      | Slain by an orc wizard

Skill      XL: |  1  2  3  4 |
---------------+-------------+-----
Unarmed Combat | 4 |  4.7
Dodging        | 3 |  3.1
Fighting       | 2 |  2.0
Throwing       | |  1.8
Stealth        | |  0.1

Action                   |  1- 3 |  4- 6 || total
-------------------------+-------+-------++-------
Melee: Unarmed           |   111 |    43 ||   154
       Punch             |     3 |       ||     3
  Use: Potion            |       |     1 ||     1
  Eat: Chunk             |    15 |       ||    15
Armor: Robe              |    52 |     9 ||    61
Dodge: Dodged            |    67 |    28 ||    95
